 Dungeon Crawl Stone Soup version 0.29-a0-422-gafbd6decc1 (webtiles) character file.

Game seed: 14758700409630927654

6 xian the Vexing (level 1, -1/14 HPs)
             Began as a Demigod Enchanter on May 18, 2022.
             Succumbed to a kobold's poison
             ... on level 1 of the Dungeon.
             The game lasted 00:00:59 (186 turns).

xian the Vexing (Demigod Enchanter)                  Turns: 186, Time: 00:01:00

Health: -1/14      AC:  2    Str:  9    XL:     1   Next: 60%
Magic:  5/5        EV: 12    Int: 17    God:
Gold:   9          SH:  0    Dex: 14    Spells: 3/3 levels left

rFire   . . .      SeeInvis .   e - +0 hunting sling
rCold   . . .      Faith    .   (no shield)
rNeg    . . .      Spirit   .   b - +0 robe
rPois   .          Reflect  .   (no helmet)
rElec   .          Harm     .   (no cloak)
rCorr   .          Rampage  .   (no gloves)
Will    .....                   (no boots)
Stlth   ++........              (no amulet)
HPRegen 0.04/turn               (no ring)
MPRegen 0.09/turn               (no ring)

@: lethally poisoned (-1 -> -25)
A: high MP 1, forlorn, divine attributes
a: no special abilities


You were on level 1 of the Dungeon.
You visited 1 branch of the dungeon, and saw 1 of its levels.

You collected 9 gold pieces.

Inventory:

Hand Weapons
 a - a +1 dagger
 e - a +0 hunting sling (weapon)
Armour
 b - a +0 robe (worn)
Potions
 c - 2 potions of invisibility
 d - a potion of berserk rage {unknown}


   Skills:
 + Level 0.8 Short Blades
 + Level 0.1 Slings
 + Level 1.8 Dodging
 + Level 2.6 Stealth
 + Level 1.9 Spellcasting
 + Level 2.9 Hexes


You had 3 spell levels left.
You didn't know any spells.
Your spell library contained the following spells:

 Spells                   Type           Power      Damage    Failure   Level
 Ensorcelled Hibernation  Hex/Ice        12%        N/A       16%         2
 Confusing Touch          Hex            11%        N/A       19%         3
 Tukima's Dance           Hex            11%        N/A       19%         3
 Dazzling Flash           Conj/Hex       12%        N/A       32%         3


Dungeon Overview and Level Annotations

Branches:
Dungeon (1/15)


Innate Abilities, Weirdness & Mutations

You have an increased reservoir of magic. (+10% MP)
You shall have no god before yourself.
Your divine heritage dramatically boosts your attributes as you level up.


Message History

The sling bullet completely misses the ball python.
You shoot a sling bullet.
The sling bullet barely misses the ball python.
The ball python closely misses you. The ball python grabs you.
The ball python constricts you. The ball python bites you.
The ball python constricts you.
You shoot a sling bullet. The sling bullet hits the ball python.
You kill the ball python!
HP restored.
A frilled lizard comes into view.
You shoot a sling bullet.
The sling bullet hits the frilled lizard.
You kill the frilled lizard!
No target in view!
No target in view!
No target in view!
A kobold comes into view.
It is wielding a +2 short sword of venom.
A kobold is nearby!
You shoot a sling bullet. The sling bullet hits the kobold.
The kobold shouts!
The kobold is severely wounded.
You hear a shout!
A hobgoblin comes into view.
You shoot a sling bullet.
The sling bullet closely misses the kobold.
You shoot a sling bullet.
The sling bullet barely misses the kobold.
You shoot a sling bullet.
The sling bullet closely misses the kobold.
The sling bullet hits the hobgoblin.
The hobgoblin is moderately wounded.
You shoot a sling bullet.
The sling bullet closely misses the kobold.
The sling bullet closely misses the hobgoblin.
The kobold hits you with a +2 short sword of venom.
You are lethally poisoned!
The kobold hits you with a +2 short sword of venom.
* * * LOW HITPOINT WARNING * * *
You are more poisoned.
You die...

...# .. ... . #.?
#. #.. #.##.#
#...g# #.#..#K#
#......# ######@#
#.# # #.# . #.# #
#.# #
#.################
#.##........ ...##
#.##.##########.##
#.##......(.......


You could see a hobgoblin and a kobold.

Vanquished Creatures
  A bat (D:1)
  An endoplasm (D:1)
  3 ball pythons (D:1)
  A frilled lizard (D:1)
6 creatures vanquished.

Notes
Turn   | Place    | Note
-------+----------+-------------------------------------------
     0 | D:1      | xian the Demigod Enchanter began the quest for the Orb.
     0 | D:1      | Reached XP level 1. HP: 14/14 MP: 5/5
   186 | D:1      | Succumbed to a kobold's poison

Illustrated notes

Levels and vault maps discovered:
D:1:      minmay_arrival_semitransparent, layout_loops_ring, minmay_pentomino_p2

Action                   || total
-------------------------++-------
Melee: Dagger            ||     8
       Punch             ||     1
 Fire: Hunting sling     ||    12
 Stab: Sleeping          ||     1
Armor: Robe              ||     2
Dodge: Dodged            ||    14

Table legend: (Time is in decaauts)
 A = Elapsed time spent in this place.
 B = Non-inter-level travel time spent in this place.
 C = Inter-level travel time spent in this place.
 D = Time resting spent in this place.
 E = Time spent auto-exploring this place.
 F = Levels seen in this place.
 G = Mean time per level.
                   A        B        C        D        E       F      G
               +--------+--------+--------+--------+--------+-----+--------+
         Total |    191 |    191 |      0 |      0 |    107 |   1 |  191.0 |
       Dungeon |    191 |    191 |      0 |      0 |    107 |   1 |  191.0 |
               +--------+--------+--------+--------+--------+-----+--------+

Top non-repeatable levels by time:
     D:1: 191 daAuts
